AoeStats
← 93老玩家回归

Nomad

510135895Analyzed
4v4 RM · 3d ago on Sep 29, 2026· 35m 33s· 8 players
Game mode
Random Map
Map size
231×231
Population
200
Speed
Normal
Resources
Standard
Victory
Conquest
Starting age
Dark Age
Ending age
Imperial Age
RankedLock teamsTeams togetherTeam positionsShared explorationLock speedFull tech treeHidden civsTurbo modeCheats
Victory
Defeat
🇩🇴 Persians · Dominican Republic
1497
+15
🇭🇰 Turks · Hong Kong SAR China
1489
+15
🇨🇦 Danes · Canada
1473
+16
🇨🇳 Koreans · China
1421
+18
🇨🇳 Vietnamese · China
1636
-23
🇨🇳 Huns · China
1419
-14
🇨🇳 Dravidians · China
1415
-14
🇨🇳 Italians · China
1396
-13
RD | RuJasonSh
3:12 Loom
12:55 Feudal Age
13:58 Double-Bit Axe
15:54 Gold Mining
16:08 Horse Collar
17:12 Scale Barding Armor
19:16 Castle Age
17:32 Bloodlines
18:59 Fishing Lines
20:13 Chain Barding Armor
20:32 Gold Shaft Mining
27:22 Heavy Plow
28:13 Chain Barding Armor
32:58 Wheelbarrow
35:07 Imperial Age
33:22 Forging
33:31 Husbandry
35:24 Hand Cart
34:50 Cavalier
36:23 Plate Barding Armor
36:29 Iron Casting
我不吃牛肉
13:41 Feudal Age
16:12 Double-Bit Axe
17:37 Fletching
20:20 Castle Age
21:25 Medium Warships
24:50 Bodkin Arrow
27:25 Fishing Lines
32:49 Gold Mining
38:24 Imperial Age
大庆Song
5:50 Loom
14:27 Feudal Age
18:53 Castle Age
17:19 Double-Bit Axe
17:50 Stone Mining
18:53 Horse Collar
21:01 Fletching
21:30 Padded Archer Armor
28:04 Fishing Lines
29:16 Wheelbarrow
30:12 Leather Archer Armor
36:38 Imperial Age
35:21 Bodkin Arrow
小三輪司機
13:27 Feudal Age
14:03 Loom
15:33 Double-Bit Axe
17:55 Castle Age
16:49 Gold Mining
20:33 Scale Mail Armor
22:10 Chain Mail Armor
22:56 Forging
24:29 Iron Casting
24:45 Wheelbarrow
24:57 Wheelbarrow
25:00 Fishing Lines
26:40 Town Watch
29:37 Squires
35:53 Gillnets
唐火火
3:44 Loom
13:10 Feudal Age
16:16 Bloodlines
16:45 Scale Barding Armor
17:46 Forging
20:46 Fletching
20:52 Double-Bit Axe
20:49 Horse Collar
民办大A
5:17 Loom
13:44 Feudal Age
20:41 Castle Age
18:30 Double-Bit Axe
20:07 Horse Collar
20:18 Gold Mining
20:48 Crossbowman
21:21 Fletching
24:55 Bodkin Arrow
30:37 Imperial Age
28:43 Wheelbarrow
28:23 Stone Mining
28:47 Bow Saw
30:08 Padded Archer Armor
30:45 Ballistics
32:30 Elite Elephant Archer
33:39 Bracer
36:04 Thumb Ring
36:16 Leather Archer Armor
37:05 Chemistry
93老玩家回归
13:27 Feudal Age
14:23 Double-Bit Axe
14:56 Fishing Lines
17:24 Castle Age
15:18 Gold Mining
15:23 Fletching
15:34 Padded Archer Armor
18:00 Wheelbarrow
17:11 Loom
18:49 Bow Saw
19:24 Gillnets
27:58 Imperial Age
26:01 Bodkin Arrow
27:03 Leather Archer Armor
27:12 Ballistics
26:33 Treadmill Crane
27:00 Crossbowman
27:45 Thumb Ring
28:38 Arbalester
30:31 Medium Warships
31:26 Conscription
31:10 Bracer
32:33 Stone Mining
33:18 Hand Cart
32:49 Town Watch
Daily
14:26 Feudal Age
18:18 Castle Age
16:18 Fletching
16:50 Double-Bit Axe
19:15 Medium Warships
22:53 Loom
23:44 Wheelbarrow
23:39 Bodkin Arrow
24:14 Scale Mail Armor
24:17 Horse Collar
28:25 Chain Mail Armor
34:50 Imperial Age
33:06 Forging
34:55 Iron Casting
Connection lost

Rejoining the realm…

Still unreachable

The connection could not be restored.

Session expired

The server has moved on; the page needs a fresh start.